[Event "Titled Tuesday Blitz February 14 Early 2023"]
[White "Kulkarni, Vikramaditya"]
[Black "Alinasab, Mobina"]
[WhiteFideId "5009847"]
[BlackFideId "12528897"]
[WhiteElo "2251"]
[BlackElo "2347"]
[Result "0-1"]
[Round "06"]
[TimeControl "180+2"]
[Date "2023.02.15"]
[WhiteClock "0:00:03"]
[BlackClock "0:00:02"]

1. d4 Nf6 2. Nf3 e6 3. c4 b6 4. a3 Bb7 5. Nc3 d5 6. Qa4+ Nbd7 7. cxd5 exd5 8. Bg5 Be7 9. Ne5 O-O 10. Nc6 Qe8 11. Nxe7+ Qxe7 12. e3 h6 13. Bh4 c5 14. Bb5 g5 15. Bg3 a6 16. Bxd7 Nxd7 17. h4 b5 18. Qd1 Kg7 19. dxc5 Nxc5 20. Qd4+ f6 21. hxg5 hxg5 22. Ke2 Rh8 23. Rad1 Ne6 24. Qb6 d4 25. Bd6 Qd7 26. exd4 Rae8 27. Rxh8 Kxh8 28. Rh1+ Kg7 29. Kf1 Ba8 30. d5 Nf4 31. Bxf4 gxf4 32. Qd4 Qf5 33. Qd1 f3 34. Qxf3 Qxf3 35. gxf3 Re5 36. Rh4 Bxd5 37. Rd4 Be6 38. f4 Rf5 39. Ke2 Bc4+ 40. Kf3 a5 41. Rd7+ Kg6 42. Ne4 Rd5 0-1


[Site "https://www.chess.com"]

[Event "Titled Tuesday Blitz February 14 Early 2023"]
[White "Rian, Kapriaga"]
[Black "Raahul V S"]
[WhiteFideId "7103263"]
[BlackFideId "25035525"]
[WhiteElo "2089"]
[BlackElo "2299"]
[Result "1-0"]
[Round "06"]
[TimeControl "180+2"]
[Date "2023.02.15"]
[WhiteClock "0:00:52"]
[BlackClock "0:01:05"]

1. d4 d5 2. Nf3 Nf6 3. Bf4 c5 4. e3 Bg4 5. Nbd2 a6 6. Be2 e6 7. h3 Bh5 8. c3 Nbd7 9. O-O Be7 10. a3 O-O 11. b4 cxd4 12. cxd4 b5 13. Rc1 Nb6 14. Bc7 Nc4 15. Bxd8 Rfxd8 16. Nxc4 dxc4 17. Ne5 Bxe2 18. Qxe2 Rdc8 19. Nxc4 bxc4 20. Rxc4 Rcb8 21. Rfc1 Nd5 22. e4 Nf4 23. Qf3 e5 24. dxe5 Ne6 25. g3 h6 26. h4 a5 27. Rc7 Nxc7 28. Rxc7 Re8 29. b5 a4 30. b6 Rac8 31. Rxc8 Rxc8 32. b7 Rb8 33. Qc3 1-0


[Site "https://www.chess.com"]

[Event "Titled Tuesday Blitz February 14 Early 2023"]
[White "Kielinkei"]
[Black "Gimenez Aguirre, Alejo Ismael"]
[BlackFideId "32041667"]
[WhiteElo "2360"]
[BlackElo "2273"]
[Result "0-1"]
[Round "06"]
[TimeControl "180+2"]
[Date "2023.02.15"]
[WhiteClock "0:00:13"]
[BlackClock "0:02:03"]

1. Nf3 d5 2. g3 c6 3. Bg2 Nd7 4. d4 g6 5. O-O Bg7 6. c3 e5 7. dxe5 Nxe5 8. Nxe5 Bxe5 9. e4 d4 10. f4 Bg7 11. e5 c5 12. cxd4 cxd4 13. Qa4+ Qd7 14. Qxd7+ Bxd7 15. Bxb7 Rb8 16. Be4 f6 17. exf6 Nxf6 18. Bd3 O-O 19. Nd2 Rfe8 20. Nb3 Bh3 21. Rd1 Bg4 22. Rd2 Re1+ 23. Kf2 Rbe8 24. Nxd4 Bh3 25. g4 R8e3 26. Bc4+ Kh8 0-1


[Site "https://www.chess.com"]

[Event "Titled Tuesday Blitz February 14 Early 2023"]
[White "Harriott, Tyrell"]
[Black "Lucassen, Mickey"]
[WhiteFideId "2086484"]
[BlackFideId "12919110"]
[WhiteElo "1889"]
[BlackElo "2023"]
[Result "0-1"]
[Round "06"]
[TimeControl "180+2"]
[Date "2023.02.15"]
[WhiteClock "0:00:08"]
[BlackClock "0:01:14"]

1. d4 Nf6 2. e3 g6 3. Bd3 Bg7 4. f4 d6 5. Nf3 c5 6. O-O Nc6 7. c3 O-O 8. Bc2 Qc7 9. d5 Nb8 10. c4 b5 11. cxb5 a6 12. bxa6 Nxa6 13. Nc3 Nb4 14. Bb1 Ba6 15. Re1 c4 16. e4 Nd7 17. Be3 Nc5 18. Bd4 Ncd3 19. Bxd3 Nxd3 20. Bxg7 Kxg7 21. Re2 Qc5+ 22. Kf1 Rfb8 23. Rb1 Nxf4 24. Rd2 Nd3 25. Qe2 Qa5 26. Qe3 Bc8 27. Kg1 Qxc3 28. h3 Qf6 29. Rf1 Rxb2 30. Rdd1 Raxa2 31. Ng5 Rxg2+ 32. Kh1 Rh2+ 0-1


[Site "https://www.chess.com"]

[Event "Titled Tuesday Blitz February 14 Early 2023"]
[White "Pourkashiyan, Atousa"]
[Black "Filgueira, Hernan"]
[WhiteFideId "12502014"]
[BlackFideId "101770"]
[WhiteElo "2282"]
[BlackElo "2283"]
[Result "1/2-1/2"]
[Round "06"]
[TimeControl "180+2"]
[Date "2023.02.15"]
[WhiteClock "0:00:15"]
[BlackClock "0:00:29"]

1. e4 d6 2. d4 Nf6 3. Nc3 c6 4. a4 a5 5. Nf3 Bg4 6. Be2 e6 7. O-O d5 8. e5 Nfd7 9. Ng5 Bf5 10. Bh5 Bg6 11. Bxg6 hxg6 12. Qg4 Qe7 13. Nf3 Qb4 14. Ng5 Qe7 15. Bd2 Na6 16. Ne2 Nc7 17. Nf4 b6 18. Ra3 O-O-O 19. Rc3 Kb7 20. Nd3 Qe8 21. Rb3 Ka7 22. Qf3 f6 23. Nh3 g5 24. Re1 Qh5 25. Qxh5 Rxh5 26. f3 Be7 27. Nhf2 f5 28. h3 Rhh8 29. Rc1 Rc8 30. c4 dxc4 31. Rxc4 Nd5 32. Nd1 c5 33. dxc5 Nxc5 34. Nxc5 Rxc5 35. Rxc5 Bxc5+ 36. Kf1 f4 37. Nc3 Nxc3 38. Rxc3 Rd8 39. Rc2 Rd4 40. b3 Ka6 41. Ke2 Rd5 42. Bc3 Kb7 43. Rd2 Kc6 44. Rxd5 Kxd5 45. Kd3 g6 46. Bb2 Bb4 47. Bd4 Bc5 48. Bb2 Bf8 49. Bd4 Bc5 50. Bb2 1/2-1/2


[Site "https://www.chess.com"]

[Event "Titled Tuesday Blitz February 14 Early 2023"]
[White "Jimenez Garcia, Emmanuel"]
[Black "Sekar, B"]
[WhiteFideId "6504779"]
[BlackFideId "5043743"]
[WhiteElo "2410"]
[BlackElo "2333"]
[Result "0-1"]
[Round "06"]
[TimeControl "180+2"]
[Date "2023.02.15"]
[WhiteClock "0:00:07"]
[BlackClock "0:00:10"]

1. Nf3 Nf6 2. b3 d5 3. Bb2 Bf5 4. g3 e6 5. Bg2 Be7 6. O-O O-O 7. c4 c6 8. d3 h6 9. Nbd2 a5 10. a3 Nbd7 11. Bc3 Bg6 12. b4 axb4 13. axb4 Qb6 14. Qb3 dxc4 15. Nxc4 Qc7 16. e4 Rfd8 17. Nfe5 Bh7 18. Qb2 Bf8 19. b5 cxb5 20. Qxb5 Nc5 21. Rxa8 Rxa8 22. Rb1 Rc8 23. Ba5 Qe7 24. Bb4 Qd8 25. Bxc5 Bxc5 26. Qxb7 Rc7 27. Qb8 Rc8 28. Qb7 Rc7 29. Qb5 Nd7 30. Nxd7 Qxd7 31. Qxd7 Rxd7 32. Rb8+ Bf8 33. Ne5 Rc7 34. Bh3 g5 35. Rd8 Kg7 36. Rd7 Rxd7 37. Nxd7 Bd6 38. Nb6 f5 39. Nc4 Bc5 40. exf5 exf5 41. Kf1 Kf6 42. Ke2 Bg8 43. Ne3 Be6 44. Bg2 Ke5 45. Bb7 f4 46. Nc2 Bg4+ 47. Bf3 Bf5 48. g4 Be6 49. h3 Bb3 50. d4+ Bxd4 51. Nxd4 Kxd4 52. Bb7 Bc4+ 53. Kf3 Bf1 54. h4 Bd3 55. hxg5 hxg5 56. Ba8 Bc4 57. Kg2 Be2 58. Bf3 Kd3 59. Bd5 Kd2 60. Bb7 Ke1 61. f3 Kd2 62. Be4 Ke3 63. Ba8 Bd1 64. Be4 Bb3 65. Ba8 Be6 66. Bb7 Bd7 67. Bd5 Bc8 68. Ba8 Be6 69. Be4 Bxg4 70. Ba8 Bf5 71. Bb7 Bd3 72. Ba8 Bf5 73. Bb7 Kd4 74. Ba8 Ke5 75. Bb7 Be6 76. Ba8 Bd5 77. Bxd5 Kxd5 78. Kh3 Ke5 79. Kg4 Kf6 80. Kh3 Kf5 81. Kg2 Ke5 82. Kf2 Kd4 83. Ke2 Kc3 84. Ke1 Kd3 85. Kf1 Ke3 86. Kg2 Ke2 87. Kh3 Kxf3 88. Kh2 g4 0-1


[Site "https://www.chess.com"]

[Event "Titled Tuesday Blitz February 14 Early 2023"]
[White "Petrovic, Aleksa"]
[Black "Kostiukov, Alexandr"]
[WhiteFideId "967629"]
[BlackFideId "14108100"]
[WhiteElo "2332"]
[BlackElo "2271"]
[Result "1-0"]
[Round "06"]
[TimeControl "180+2"]
[Date "2023.02.15"]
[WhiteClock "0:00:07"]
[BlackClock "0:00:05"]

1. d4 g6 2. c4 Bg7 3. e4 d6 4. Nc3 e5 5. Nge2 exd4 6. Nxd4 Nc6 7. Be3 Nge7 8. Be2 O-O 9. h4 f5 10. Nxc6 bxc6 11. h5 fxe4 12. hxg6 hxg6 13. Bd4 Nf5 14. Bxg7 Kxg7 15. Nxe4 Rh8 16. Rxh8 Qxh8 17. Qd3 c5 18. O-O-O Nd4 19. Ng3 Qh4 20. Rh1 Qf4+ 21. Kb1 Be6 22. Bh5 Bf5 23. Nxf5+ Qxf5 24. Qxf5 gxf5 25. g4 f4 26. g5 Rh8 27. Kc1 Ne6 28. Re1 Nxg5 29. Bd1 Kf6 30. Kc2 Rh2 31. Re2 Nh3 32. Re8 Rxf2+ 33. Kc3 Ng5 34. Rc8 Rf1 35. Bc2 f3 36. Rxc7 f2 37. Rd7 Rc1 38. Rxd6+ Ke5 39. Rd5+ 1-0


[Site "https://www.chess.com"]

[Event "Titled Tuesday Blitz February 14 Early 2023"]
[White "Todorovic, Bojan"]
[Black "Pasti, Aron"]
[WhiteFideId "917087"]
[BlackFideId "785857"]
[WhiteElo "2195"]
[BlackElo "2361"]
[Result "0-1"]
[Round "06"]
[TimeControl "180+2"]
[Date "2023.02.15"]
[WhiteClock "0:00:05"]
[BlackClock "0:00:09"]

1. d4 d5 2. c4 e6 3. Nc3 Nf6 4. cxd5 exd5 5. Bg5 Be7 6. e3 O-O 7. Bd3 Re8 8. Qc2 h6 9. Bf4 c5 10. Nf3 Nc6 11. O-O c4 12. Bf5 Nb4 13. Qb1 Bxf5 14. Qxf5 Nd3 15. Be5 Nd7 16. Nxd5 N7xe5 17. Nxe7+ Qxe7 18. dxe5 Nxb2 19. Rab1 c3 20. Rfc1 Rac8 21. Rxb2 cxb2 22. Rxc8 b1=Q+ 23. Qxb1 Rxc8 24. h4 Qc7 25. Qb3 b6 26. e6 Qe7 27. Nd4 fxe6 28. g3 Re8 29. Qa4 Kh8 30. h5 e5 31. Nf5 Qf8 32. Nh4 Qf7 33. Ng6+ Kg8 34. Kg2 e4 35. Qc6 Qf3+ 36. Kg1 Rd8 37. Qc2 Rd1+ 0-1


[Site "https://www.chess.com"]

[Event "Titled Tuesday Blitz February 14 Early 2023"]
[White "Real_taiatai"]
[Black "Girsh, Daniel"]
[BlackFideId "30949190"]
[WhiteElo "2349"]
[BlackElo "2123"]
[Result "0-1"]
[Round "06"]
[TimeControl "180+2"]
[Date "2023.02.15"]
[WhiteClock "0:00:07"]
[BlackClock "0:00:41"]

1. d4 Nf6 2. c4 g6 3. Nf3 Bg7 4. Nc3 O-O 5. e4 d6 6. Bg5 Nbd7 7. Bd3 c5 8. O-O cxd4 9. Nxd4 Nc5 10. Bc2 Ne6 11. Be3 Ng4 12. Qxg4 Nxd4 13. Qd1 Nxc2 14. Qxc2 Be6 15. Nd5 Qa5 16. b4 Qd8 17. Rac1 Qd7 18. f4 f5 19. Rfd1 fxe4 20. Qxe4 Kh8 21. Nc7 Bf5 22. Qxb7 Rab8 23. Qxa7 Rxb4 24. Nd5 Qxa7 25. Bxa7 Ra4 26. Bd4 Rxa2 27. Bxg7+ Kxg7 28. Re1 e6 29. Nc7 Kf6 30. Nb5 Rb8 31. Rcd1 d5 32. Nd4 Rbb2 33. Nf3 Rxg2+ 34. Kh1 Be4 35. Rxe4 dxe4 36. Ng5 Rxh2+ 37. Kg1 Rag2+ 38. Kf1 e3 39. Ne4+ Kf5 40. Nd6+ Kxf4 41. Rd4+ Kf3 0-1


[Site "https://www.chess.com"]

[Event "Titled Tuesday Blitz February 14 Early 2023"]
[White "Shuvalov, Evgenij"]
[Black "Buscar, Michael"]
[WhiteFideId "4187237"]
[BlackFideId "2603616"]
[WhiteElo "2038"]
[BlackElo "2041"]
[Result "1-0"]
[Round "06"]
[TimeControl "180+2"]
[Date "2023.02.15"]
[WhiteClock "0:00:09"]
[BlackClock "0:00:14"]

1. d4 Nf6 2. c4 e6 3. Nc3 c5 4. d5 exd5 5. cxd5 d6 6. e4 g6 7. f4 Bg7 8. Bb5+ Bd7 9. e5 Nh5 10. Bxd7+ Nxd7 11. e6 Nb6 12. exf7+ Kxf7 13. Nge2 Qh4+ 14. g3 Qh3 15. Kf2 Rae8 16. a4 Re7 17. a5 Nc4 18. Ra4 Ne3 19. Bxe3 Rhe8 20. Bc1 Nf6 21. Qf1 Ng4+ 22. Kg1 Qh5 23. Kg2 Qf5 24. Qf3 Ne3+ 25. Bxe3 Rxe3 26. Qf2 Qc2 27. Nc1 Qf5 28. Rd1 Bxc3 29. bxc3 Rxc3 30. Ra2 Qg4 31. Re2 Rd8 32. Rde1 Rd7 33. Re6 Qf5 34. Qd2 Rc2 35. R1e2 Rxd2 36. Rxd2 Qxd5+ 37. Rxd5 Kxe6 38. Rd2 d5 39. Nb3 d4 40. Nxc5+ Kd6 41. Nxd7 Kxd7 42. Rxd4+ Kc6 43. Rd8 b6 44. Rh8 bxa5 45. Rxh7 a6 46. Kf3 a4 47. Rh6 Kb5 48. Rxg6 a3 49. Re6 a2 50. Re1 Kb4 51. h4 Kb3 52. h5 Kb2 53. h6 a1=Q 54. Rxa1 Kxa1 55. h7 1-0


[Site "https://www.chess.com"]

[Event "Titled Tuesday Blitz February 14 Early 2023"]
[White "Matveeva, Olga"]
[Black "Yurasova, Daria"]
[WhiteFideId "24107018"]
[BlackFideId "34146919"]
[WhiteElo "2128"]
[BlackElo "2095"]
[Result "0-1"]
[Round "06"]
[TimeControl "180+2"]
[Date "2023.02.15"]
[WhiteClock "0:00:01"]
[BlackClock "0:00:33"]

1. d4 d5 2. c4 dxc4 3. Nf3 Nf6 4. e3 e6 5. Bxc4 a6 6. O-O b5 7. Bd3 Bb7 8. a4 b4 9. Nbd2 Nbd7 10. Nc4 a5 11. b3 Be7 12. Bb2 O-O 13. Rc1 c5 14. Nfe5 Nxe5 15. dxe5 Nd5 16. Qh5 g6 17. Qe2 Nb6 18. Rfd1 Nxc4 19. Bxc4 Qc7 20. Qg4 Rad8 21. h4 h5 22. Qg3 Rxd1+ 23. Rxd1 Rd8 24. Rxd8+ Qxd8 25. Bxe6 fxe6 26. Qxg6+ Kf8 27. Qh6+ Ke8 28. Qxe6 Qd5 29. Qg6+ Kd7 30. e6+ Qxe6 31. Qxh5 Qxb3 32. Qf5+ Qe6 33. Qd3+ Qd5 34. Qg6 c4 35. Bd4 c3 36. h5 c2 37. e4 c1=Q+ 38. Kh2 Qxd4 0-1


[Site "https://www.chess.com"]

[Event "Titled Tuesday Blitz February 14 Early 2023"]
[White "Mazibuko, Khanya"]
[Black "Yeritsyan, Hayk"]
[WhiteFideId "14321041"]
[BlackFideId "13307320"]
[WhiteElo "1913"]
[BlackElo "2241"]
[Result "1-0"]
[Round "06"]
[TimeControl "180+2"]
[Date "2023.02.15"]
[WhiteClock "0:01:03"]
[BlackClock "0:00:02"]

1. e4 d6 2. d4 g6 3. Nc3 Bg7 4. Bf4 c6 5. Qd2 Nd7 6. Nf3 Qc7 7. O-O-O b5 8. Bd3 Nb6 9. h3 a5 10. Rhe1 a4 11. a3 Ba6 12. e5 d5 13. e6 Qb7 14. exf7+ Kxf7 15. Ng5+ Ke8 16. Ne6 Bf6 17. Nc7+ Kd7 18. Nxa8 Qxa8 19. Qe2 Nc4 20. Bxc4 bxc4 21. Qe6+ Kd8 22. Nxa4 c3 23. Nb6 Qb7 24. Na4 cxb2+ 25. Kb1 Bc4 26. Nc5 Qa7 27. Qxc6 e6 1-0


[Site "https://www.chess.com"]

[Event "Titled Tuesday Blitz February 14 Early 2023"]
[White "Fan_Of_Chucky"]
[Black "Lehtosaari, Mauri"]
[BlackFideId "501999"]
[WhiteElo "2323"]
[BlackElo "2176"]
[Result "1-0"]
[Round "06"]
[TimeControl "180+2"]
[Date "2023.02.15"]
[WhiteClock "0:00:09"]
[BlackClock "0:00:04"]

1. d4 d5 2. c4 c6 3. Nf3 Nf6 4. g3 Bg4 5. Bg2 e6 6. h3 Bxf3 7. Bxf3 dxc4 8. a4 Nbd7 9. Qc2 a5 10. Qxc4 Bb4+ 11. Bd2 Nb6 12. Qd3 Bxd2+ 13. Nxd2 Nbd5 14. O-O O-O 15. Ne4 Nb4 16. Nxf6+ Qxf6 17. Qc3 Rfd8 18. Rfd1 g6 19. Bg2 Rd7 20. Qc5 Qe7 21. Qxe7 Rxe7 22. Rac1 Rd7 23. e3 Kf8 24. Kf1 Ke7 25. Ke2 Kd8 26. Rc3 Kc7 27. Rdc1 Kb6 28. Rd1 Rad8 29. f4 f6 30. Rcc1 h6 31. g4 f5 32. Bf3 Re7 33. Rg1 Rh8 34. h4 Kc7 35. gxf5 gxf5 36. Rg6 Rhh7 37. h5 Kd6 38. Rc5 b6 39. Rxf5 Rhg7 40. Rff6 Rxg6 41. Rxg6 Rh7 42. f5 c5 43. Rxe6+ Kc7 44. dxc5 bxc5 45. Rg6 Rf7 46. Be4 Kd7 47. Rxh6 Ke7 48. Re6+ Kf8 49. h6 Rh7 50. Rg6 Kf7 51. Rg7+ Rxg7 52. hxg7 Kxg7 53. Kd2 Kf6 54. Kc3 Ke5 55. Bb1 Kd6 56. Kc4 Nd5 57. e4 Nb6+ 58. Kb5 Nd7 59. Kxa5 Kc6 60. Ba2 Ne5 61. Bd5+ Kd6 62. f6 Nd7 63. f7 Nf8 64. Kb5 Nd7 65. a5 Nf8 66. a6 Nd7 67. a7 Ke5 68. a8=Q Kd4 69. f8=Q Ne5 70. Qf6 Kd3 71. Qxe5 Kc2 72. Qc3+ Kb1 73. Qa1+ Kxa1 74. b4+ Kb1 75. e5 cxb4 76. Be4+ Ka2 77. Qc2+ Ka3 78. Bd5 b3 79. Qxb3# 1-0


[Site "https://www.chess.com"]

[Event "Titled Tuesday Blitz February 14 Early 2023"]
[White "Ramirez Allo, Eduardo"]
[Black "Dong, Khanh Linh"]
[WhiteFideId "2224178"]
[BlackFideId "12403040"]
[WhiteElo "2274"]
[BlackElo "1900"]
[Result "1-0"]
[Round "06"]
[TimeControl "180+2"]
[Date "2023.02.15"]
[WhiteClock "0:00:24"]
[BlackClock "0:00:12"]

1. d4 Nf6 2. c4 d5 3. Nf3 g6 4. g3 Bg7 5. Bg2 O-O 6. O-O dxc4 7. Nbd2 c3 8. bxc3 c5 9. e3 Nc6 10. Ba3 cxd4 11. cxd4 Qa5 12. Nc4 Qa6 13. Nfd2 b5 14. Ne5 Bb7 15. Nxc6 Bxc6 16. Bxc6 Qxc6 17. Bxe7 Rfe8 18. Bxf6 Bxf6 19. Qb3 a6 20. Rfc1 Qd7 21. Rc2 Rac8 22. Rac1 Qf5 23. Rxc8 Rxc8 24. Rxc8+ Qxc8 25. Ne4 Be7 26. Qd5 Qc1+ 27. Kg2 Qa3 28. h4 h5 29. Nc5 Qa5 30. Qa8+ Kg7 31. Qxa6 Qb4 32. Qa7 Bf6 33. Ne4 Qc4 34. Nxf6 Kxf6 35. Qc5 Qxa2 36. Qe5# 1-0


[Site "https://www.chess.com"]

[Event "Titled Tuesday Blitz February 14 Early 2023"]
[White "Jimenez Almeida, Luis David"]
[Black "Cepo, Toni"]
[WhiteFideId "22242244"]
[BlackFideId "4675916"]
[WhiteElo "2242"]
[BlackElo "2145"]
[Result "1/2-1/2"]
[Round "06"]
[TimeControl "180+2"]
[Date "2023.02.15"]
[WhiteClock "0:00:07"]
[BlackClock "0:00:17"]

1. e4 e5 2. Nf3 Nf6 3. d4 Nxe4 4. Bd3 d5 5. Nxe5 Nd7 6. O-O Nxe5 7. dxe5 Nc5 8. Nc3 c6 9. f4 Be7 10. Kh1 Nxd3 11. Qxd3 g6 12. Be3 Bf5 13. Qd2 O-O 14. Ne2 c5 15. c3 Qd7 16. Ng3 Rad8 17. Bg1 b6 18. a4 d4 19. cxd4 cxd4 20. Rfe1 Bh4 21. a5 Bxg3 22. hxg3 Qc6 23. axb6 Qxb6 24. Rec1 Rd7 25. Rc4 Rfd8 26. Raa4 Qb7 27. Rxd4 Be4 28. Rxd7 Rxd7 29. Qe2 Bc6 30. Rxa7 Qb3 31. Rxd7 Bxd7 32. Kh2 h5 33. Bd4 Be6 34. Bc3 Kh7 35. Qf2 Bd5 36. g4 Qd1 37. gxh5 Qxh5+ 38. Kg1 Qd1+ 39. Qe1 Qg4 40. Qd2 Bb3 41. Kf2 Qh4+ 42. Kg1 Qg3 43. Qe1 Qxe1+ 44. Bxe1 Kg7 45. Bc3 Kf8 46. Kf2 Ke7 47. Ke3 Ke6 48. Kd4 Kf5 49. Kc5 Kxf4 50. Kb4 Bd5 51. Kc5 Bxg2 52. b4 g5 53. b5 g4 54. Kd6 g3 55. Ke7 Bd5 56. b6 g2 57. Bd4 Kg3 58. Kf6 Kh2 59. Ke7 g1=Q 60. Bxg1+ Kxg1 61. Kd6 Bb7 62. e6 fxe6 63. Kxe6 Kf2 64. Kd6 Ke3 65. Kc7 Be4 66. b7 Bxb7 1/2-1/2


[Site "https://www.chess.com"]

[Event "Titled Tuesday Blitz February 14 Early 2023"]
[White "surrenderPLS"]
[Black "Vaglio Munoz, Jaime"]
[BlackFideId "6500145"]
[WhiteElo "2491"]
[BlackElo "2174"]
[Result "1-0"]
[Round "06"]
[TimeControl "180+2"]
[Date "2023.02.15"]
[WhiteClock "0:01:18"]
[BlackClock "0:00:07"]

1. e4 e6 2. d4 d5 3. Nc3 dxe4 4. Nxe4 Nf6 5. Nxf6+ Qxf6 6. Nf3 h6 7. Bd3 Nc6 8. c3 Bd6 9. Qe2 O-O 10. h4 e5 11. d5 Ne7 12. Bg5 hxg5 13. hxg5 Qf4 14. Bh7+ Kh8 15. g3 Qg4 16. Bf5+ Kg8 17. Bxg4 Bxg4 18. Rh4 Bf5 19. O-O-O Ng6 20. Rh2 Bg4 21. Rdh1 f5 22. Qe3 Rae8 23. Nh4 f4 24. Qe4 Nxh4 25. Rxh4 Bf5 26. g6 Bxg6 27. Qxg6 Rf6 28. Rh8# 1-0


[Site "https://www.chess.com"]

[Event "Titled Tuesday Blitz February 14 Early 2023"]
[White "Khamdamova, Afruza"]
[Black "Gharamian, Tigran"]
[WhiteFideId "14210444"]
[BlackFideId "13301527"]
[WhiteElo "2162"]
[BlackElo "2601"]
[Result "1-0"]
[Round "06"]
[TimeControl "180+2"]
[Date "2023.02.15"]
[WhiteClock "0:00:04"]
[BlackClock "0:00:01"]

1. e4 c6 2. d4 d5 3. Nc3 dxe4 4. Nxe4 Nf6 5. Nxf6+ exf6 6. c3 Bd6 7. Bd3 O-O 8. Qc2 Re8+ 9. Ne2 h5 10. Be3 Nd7 11. O-O-O h4 12. h3 Nf8 13. c4 b5 14. c5 Bc7 15. d5 cxd5 16. Bxb5 Re5 17. Bc6 Rb8 18. Nc3 Bf5 19. Qd2 Ba5 20. Bf4 Ng6 21. Bxe5 Nxe5 22. Qxd5 Qc7 23. Nb5 Qxc6 24. Qxc6 Nxc6 25. Nd6 Be6 26. a3 Rb3 27. f4 Rg3 28. Rhg1 Bb3 29. Rdf1 Nd4 30. Rf2 Re3 31. Kb1 Ne2 32. Rgf1 Kf8 33. c6 Nd4 34. Rc1 Bc7 35. Nc4 Re2 36. Rff1 Bc2+ 37. Ka2 Bb3+ 38. Kb1 Rxg2 39. Ne3 Re2 40. Nc4 Rh2 41. Rc3 Bc2+ 42. Ka2 1-0


[Site "https://www.chess.com"]

[Event "Titled Tuesday Blitz February 14 Early 2023"]
[White "Meera, Sai"]
[Black "Kochetov, Andrey"]
[WhiteFideId "5004357"]
[BlackFideId "24130532"]
[WhiteElo "2064"]
[BlackElo "2165"]
[Result "0-1"]
[Round "06"]
[TimeControl "180+2"]
[Date "2023.02.15"]
[WhiteClock "0:00:01"]
[BlackClock "0:00:02"]

1. e4 c5 2. Nf3 d6 3. d4 cxd4 4. Nxd4 Nf6 5. Nc3 Nc6 6. Bg5 e6 7. Qd2 a6 8. O-O-O Bd7 9. f3 Be7 10. Kb1 h6 11. Be3 b5 12. Nxc6 Bxc6 13. Ne2 d5 14. e5 Nd7 15. f4 Nc5 16. Nd4 Rc8 17. g4 Ne4 18. Qe2 Bc5 19. Bg2 Qb6 20. f5 Bb7 21. Bxe4 dxe4 22. fxe6 fxe6 23. Rhf1 Rf8 24. g5 Rxf1 25. Qh5+ Rf7 26. gxh6 gxh6 27. Qxh6 Rd8 28. Qh8+ Bf8 29. c3 b4 30. c4 Qc7 31. b3 Rh7 32. Qg8 Qf7 33. Qg4 Bc5 34. Kc2 Rxh2+ 35. Kb1 Rh7 36. Qg1 Rg7 37. Qh1 Bxd4 38. Bxd4 e3 39. Qh8+ Rg8 40. Qh4 Qf5+ 41. Ka1 e2 42. Re1 Qd3 0-1


[Site "https://www.chess.com"]

[Event "Titled Tuesday Blitz February 14 Early 2023"]
[White "Martin, Lewis"]
[Black "Andreev, Konstantin"]
[WhiteFideId "410551"]
[BlackFideId "24239305"]
[WhiteElo "2135"]
[BlackElo "2195"]
[Result "1-0"]
[Round "06"]
[TimeControl "180+2"]
[Date "2023.02.15"]
[WhiteClock "0:00:08"]
[BlackClock "0:00:11"]

1. e4 c5 2. Nf3 e6 3. d4 cxd4 4. Nxd4 Nc6 5. Nc3 Qc7 6. g3 a6 7. Bg2 Nf6 8. Nde2 h6 9. O-O Be7 10. h3 O-O 11. Bf4 d6 12. Qd2 b5 13. a3 Bb7 14. Rad1 Rfd8 15. Bxh6 gxh6 16. Qxh6 Nh7 17. Nf4 Bg5 18. Qh5 Ne7 19. Qg4 Kh8 20. Nh5 Rg8 21. Qf3 Ng6 22. Qe2 Qc5 23. Kh2 Bh6 24. f4 Ne7 25. f5 exf5 26. exf5 Bxg2 27. Qxg2 Rac8 28. Qe4 Qe5 29. Qxe5+ dxe5 30. Rd7 Rge8 31. f6 Nc6 32. Rxf7 Ng5 33. Rd7 Nd4 34. h4 Ngf3+ 35. Kg2 e4 36. g4 Bd2 37. g5 Nxh4+ 38. Kh3 Ndf5 39. Kg4 Ne3+ 40. Kxh4 Nxf1 41. g6 Rg8 42. Rh7# 1-0


[Site "https://www.chess.com"]

[Event "Titled Tuesday Blitz February 14 Early 2023"]
[White "Manukyan, Artyom"]
[Black "Lauridsen, Jesper Morch"]
[WhiteFideId "13305786"]
[BlackFideId "1401890"]
[WhiteElo "2110"]
[BlackElo "2309"]
[Result "1-0"]
[Round "06"]
[TimeControl "180+2"]
[Date "2023.02.15"]
[WhiteClock "0:00:05"]
[BlackClock "0:00:12"]

1. e4 c5 2. Nc3 Nc6 3. Bb5 g6 4. Bxc6 bxc6 5. d3 Bg7 6. f4 Rb8 7. Nf3 d6 8. O-O Bg4 9. Qe1 Bxf3 10. Rxf3 Nf6 11. b3 Ng4 12. h3 Bd4+ 13. Kh1 h5 14. Rb1 e6 15. Ne2 Bg7 16. Kg1 c4 17. hxg4 hxg4 18. Rg3 cxd3 19. cxd3 Qb6+ 20. Be3 Qa6 21. Qd2 Qb5 22. Rc1 Qh5 23. Rxc6 Qh1+ 24. Kf2 Bf6 25. Rc1 Qh2 26. Qa5 Kf8 27. Qxa7 Kg7 28. Rc7 Rbf8 29. Qb6 Bh4 30. Bd4+ e5 31. fxe5 Bxg3+ 32. Nxg3 Rh3 33. exd6+ Kg8 34. Be5 f6 35. Bf4 g5 36. d7 gxf4 37. Qe6+ Kh8 38. Qxf6+ Kg8 39. Qxf8+ Kxf8 40. d8=Q# 1-0


[Site "https://www.chess.com"]

[Event "Titled Tuesday Blitz February 14 Early 2023"]
[White "Eynullayev, Atilla"]
[Black "Mendez Machado, Andre"]
[WhiteFideId "13413570"]
[BlackFideId "6603793"]
[WhiteElo "2281"]
[BlackElo "1974"]
[Result "1-0"]
[Round "06"]
[TimeControl "180+2"]
[Date "2023.02.15"]
[WhiteClock "0:00:06"]
[BlackClock "0:00:05"]

1. d4 Nf6 2. c4 e6 3. Nc3 Bb4 4. e3 b6 5. Ne2 c5 6. a3 Ba5 7. Bd2 Bb7 8. Rb1 Na6 9. Ng3 O-O 10. f3 cxd4 11. exd4 Bxc3 12. Bxc3 d5 13. b3 Rc8 14. Be2 dxc4 15. bxc4 Nb8 16. Ba1 Ba6 17. Rc1 Nc6 18. O-O Na5 19. Qa4 Qd7 20. Qb4 Nc6 21. Qb2 Na5 22. c5 Bxe2 23. Nxe2 bxc5 24. dxc5 Rb8 25. Qe5 Nb3 26. Rb1 Qd5 27. Qg3 Qxc5+ 28. Kh1 Qf5 29. Nd4 Nxd4 30. Rxb8 Ne8 31. Bxd4 Qd3 32. Qf2 h5 33. Bc5 Nd6 34. Rxf8+ Kxf8 35. Bxd6+ Qxd6 36. Qe2 Qxa3 37. h3 Qd6 38. Re1 Qg3 39. Rd1 Kg8 40. Qc2 g6 41. Qb2 Kh7 42. Qc2 Kg7 43. Qd2 Kh7 44. Qe2 h4 45. Re1 a5 46. Qe5 Qf2 47. Qe3 Qg3 48. Rc1 a4 49. Rc8 a3 50. Qc3 e5 51. Qe3 a2 52. Rc1 Kg7 53. Ra1 Kh7 54. Rxa2 e4 55. Qxe4 Qd6 56. Re2 Qd1+ 57. Re1 Qd6 58. Qxh4+ Kg7 59. Qe4 Qc7 60. Qe5+ Qxe5 61. Rxe5 1-0


[Site "https://www.chess.com"]

[Event "Titled Tuesday Blitz February 14 Early 2023"]
[White "Nguyen Hong Nhung"]
[Black "Clawitter, Craig"]
[WhiteFideId "12412201"]
[BlackFideId "2023105"]
[WhiteElo "2003"]
[BlackElo "2050"]
[Result "1-0"]
[Round "06"]
[TimeControl "180+2"]
[Date "2023.02.15"]
[WhiteClock "0:00:56"]
[BlackClock "0:00:04"]

1. e4 e6 2. d4 d5 3. exd5 exd5 4. Bd3 Bd6 5. Qf3 c6 6. Ne2 Nf6 7. h3 O-O 8. O-O Nbd7 9. Bf4 Bxf4 10. Nxf4 Re8 11. Nd2 Nf8 12. Rfe1 Ng6 13. Nh5 Nxh5 14. Qxh5 Bd7 15. Nf3 Qf6 16. Ne5 Be6 17. Re3 Nf8 18. Rae1 g6 19. Qh6 Qg7 20. Qh4 Nd7 21. Ng4 h5 22. Ne5 Nxe5 23. Rxe5 Bd7 24. Re7 Qf8 25. Qf6 Rxe7 26. Rxe7 Rd8 27. Bxg6 1-0


[Site "https://www.chess.com"]

[Event "Titled Tuesday Blitz February 14 Early 2023"]
[White "Dragomirescu, Angela"]
[Black "Smietanska, Wiktoria"]
[WhiteFideId "1209914"]
[BlackFideId "21869359"]
[WhiteElo "2130"]
[BlackElo "1936"]
[Result "1-0"]
[Round "06"]
[TimeControl "180+2"]
[Date "2023.02.15"]
[WhiteClock "0:00:13"]
[BlackClock "0:00:01"]

1. e4 c5 2. Nf3 d6 3. d4 cxd4 4. Nxd4 Nf6 5. Nc3 a6 6. Bg5 Nbd7 7. Qe2 e6 8. O-O-O Be7 9. f4 O-O 10. h4 h6 11. g4 e5 12. Nf5 Nc5 13. fxe5 hxg5 14. hxg5 Nh7 15. Qh2 Bxg5+ 16. Kb1 Bxf5 17. gxf5 Bh6 18. Rxd6 Qg5 19. Bc4 b5 20. Bd5 Rad8 21. Rg6 Qe3 22. Qg2 Kh8 23. Rg3 Qf4 24. f6 Rg8 25. Bxf7 Qd2 26. Qh3 1-0


[Site "https://www.chess.com"]